AoeStats
← rider57

Arena

507946329Analyzed
1v1 RM · 12d ago on Sep 20, 2026· 34m 52s· 2 players
Game mode
Random Map
Map size
Tiny (2 player)
Population
200
Speed
Normal
Resources
Standard
Victory
Conquest
Starting age
Dark Age
Ending age
Imperial Age
RankedLock teamsTeams togetherTeam positionsShared explorationLock speedFull tech treeHidden civsTurbo modeCheats
Victory
Defeat
🇹🇷 Sicilians · Türkiye
948
+17
🇮🇳 Khmer · India
972
-17
hus3yin.t
10:41 Feudal Age
12:23 Wheelbarrow
11:35 Double-Bit Axe
11:33 Horse Collar
22:06 Castle Age
21:42 Stone Mining
21:47 Gold Mining
22:26 Pikeman
23:23 Hand Cart
23:23 Bow Saw
30:22 Imperial Age
28:39 Murder Holes
rider57
10:50 Feudal Age
13:49 Castle Age
13:30 Double-Bit Axe
14:39 Loom
21:21 Wheelbarrow
26:00 Bloodlines
28:26 Horse Collar
29:37 Forging
29:35 Scale Barding Armor
30:01 Bow Saw
Connection lost

Rejoining the realm…

Still unreachable

The connection could not be restored.

Session expired

The server has moved on; the page needs a fresh start.